 Dungeon Crawl Stone Soup version 0.21.0 (webtiles) character file.

422 tidbits the Sneak (level 6, 21/24 HPs)
             Began as a Felid Earth Elementalist on Jan 6, 2018.
             Was a Believer of Uskayaw.
             Quit the game on level 6 of the Dungeon.
             The game lasted 00:17:00 (1812 turns).

tidbits the Sneak (Felid Earth Elementalist)        Turns: 1812, Time: 00:17:01

Health: 21/24      AC:  2    Str:  8    XL:     6   Next: 63%
Magic:  0/10       EV: 18    Int: 17    God:    Uskayaw [**....]
Gold:   116        SH:  0    Dex: 16    Spells: 6/9 levels left
                                        Lives:  1   Deaths: 0

rFire    . . .     SeeInvis +     - Unarmed
rCold    . . .     Gourm    .   (shield unavailable)
rNeg     . . .     Faith    .   (armour unavailable)
rPois    .         Spirit   .   (helmet unavailable)
rElec    .         Reflect  .   (cloak unavailable)
rCorr    .         Harm     .   (gloves unavailable)
MR       .....                  (boots unavailable)
Stlth    ++++......             (no amulet)
HPRegen  0.08/turn              e - +2 ring of strength
MPRegen  0.12/turn              (no ring)

@: quick
A: very small, no armour, no weapons or thrown items, stealth, claws 1, fangs 3,
see invisible, carnivore, speed 1, shaggy fur 2, slow metabolism 1, sharp paws
a: Stomp, Line Pass, Renounce Religion


You were on level 6 of the Dungeon.
You worshipped Uskayaw.
Uskayaw was noncommittal.
You were full.

You visited 1 branch of the dungeon, and saw 7 of its levels.

You collected 168 gold pieces.
You spent 52 gold pieces at shops.

Inventory:

Missiles
 h - 72 arrows
Jewellery
 e - a +2 ring of strength (left paw)
   (You found it on level 1 of the Dungeon)
Wands
 j - a wand of flame (24)
Scrolls
 a - 2 scrolls of fog
 g - a scroll of holy word
 i - a scroll of identify
 k - 2 scrolls of amnesia
 m - a scroll of remove curse
Potions
 f - a potion of curing
 l - a potion of haste
Books
 d - a book of Geomancy

   Spells                             Type                      Level
   a - Sandblast                      Earth                        1
   b - Passwall                       Transmutation/Earth          2
   c - Stone Arrow                    Conjuration/Earth            3
   d - Petrify                        Transmutation/Earth          4
   e - Lee's Rapid Deconstruction     Earth                        5
Comestibles
 c - 4 rations


   Skills:
 - Level 2.6 Dodging
 + Level 7.5 Stealth
 + Level 4.6 Unarmed Combat
 - Level 2.0 Spellcasting
 - Level 1.1 Transmutations
 - Level 2.6 Earth Magic


You had 6 spell levels left.
You knew the following spells:

 Your Spells              Type           Power        Failure   Level  Hunger
a - Sandblast             Erth           ##....       6%          1    #......
p - Passwall              Tmut/Erth      #.........   14%         2    ###....


Dungeon Overview and Level Annotations

Branches:
Dungeon (7/15)
 Temple: D:4-7

Altars:
Fedhas
Qazlal
Uskayaw
Zin

Shops:
D:5 *%

Annotations:
D:2 Natasha
D:3 Sigmund
D:5 exclusion: ice beast
D:6 Pikel


Innate Abilities, Weirdness & Mutations

You cannot wear armour.
You are incapable of wielding weapons or throwing items.
Your paws allow you to move quietly. (Stealth)
You have sharp claws.
You have razor-sharp teeth.
You have supernaturally acute eyesight. (SInv)
You are carnivorous and can eat meat at any time.
You cover ground quickly.
You are covered in thick fur. (AC +2)
You have a slow metabolism.
Your sharp claws are effective at attacking unaware monsters.


Message History

Aim: an ice beast The blast of sand hits the ice beast.
b - 11 stones The ice beast misses you.
Casting: Sandblast
Confirm with . or Enter, or press ? or * to list all spells.
Aiming: Sandblast
Press: ? - help, Shift-Dir - straight line, f/p - ice beast
Aim: an ice beast The blast of sand hits the ice beast.
b - 10 stones The ice beast closely misses you.
Casting: Sandblast
Confirm with . or Enter, or press ? or * to list all spells.
Aiming: Sandblast
Press: ? - help, Shift-Dir - straight line, f/p - ice beast
Aim: an ice beast The blast of sand hits the ice beast.
b - 9 stones The ice beast barely misses you.
Casting: Sandblast
Confirm with . or Enter, or press ? or * to list all spells.
Aiming: Sandblast
Press: ? - help, Shift-Dir - straight line, f/p - ice beast
Aim: an ice beast The blast of sand misses the ice beast.
b - 8 stones The ice beast closely misses you.
Okay, then.
Casting: Sandblast
Confirm with . or Enter, or press ? or * to list all spells.
Aiming: Sandblast
Press: ? - help, Shift-Dir - straight line, f/p - ice beast
Aim: an ice beast The blast of sand hits the ice beast.
The ice beast is lightly wounded.
b - 7 stones You see here a dagger.
Casting: Sandblast
Confirm with . or Enter, or press ? or * to list all spells.
Aiming: Sandblast
Press: ? - help, Shift-Dir - straight line, f/p - ice beast
Aim: an ice beast (lightly wounded)
The blast of sand hits the ice beast.
The ice beast is lightly wounded.
b - 6 stones
Casting: Sandblast
Confirm with . or Enter, or press ? or * to list all spells.
Aiming: Sandblast
Press: ? - help, Shift-Dir - straight line, f/p - ice beast
Aim: an ice beast (lightly wounded)
The blast of sand hits the ice beast.
The ice beast is lightly wounded.
b - 5 stones The crimson imp shouts!
Casting: Sandblast
Confirm with . or Enter, or press ? or * to list all spells.
Aiming: Sandblast
Press: ? - help, Shift-Dir - straight line, f - crimson imp
Aim: a crimson imp The blast of sand hits the crimson imp.
The crimson imp is moderately wounded.
b - 4 stones The crimson imp misses you.
Casting: Sandblast
Confirm with . or Enter, or press ? or * to list all spells.
Aiming: Sandblast
Press: ? - help, Shift-Dir - straight line, f/p - crimson imp
Aim: a crimson imp (lightly wounded)
The blast of sand hits the crimson imp.
The crimson imp is lightly wounded.
b - 3 stones The crimson imp misses you.
Casting: Sandblast
Confirm with . or Enter, or press ? or * to list all spells.
Aiming: Sandblast
Press: ? - help, Shift-Dir - straight line, f/p - crimson imp
Aim: a crimson imp (lightly wounded)
The blast of sand misses the crimson imp.
b - 2 stones The crimson imp barely misses you.
Casting: Sandblast
Confirm with . or Enter, or press ? or * to list all spells.
Aiming: Sandblast
Press: ? - help, Shift-Dir - straight line, f/p - crimson imp
Aim: a crimson imp The blast of sand hits the crimson imp.
The crimson imp is moderately wounded.
b - a stone The crimson imp blinks!
Casting: Sandblast
Confirm with . or Enter, or press ? or * to list all spells.
Aiming: Sandblast
Press: ? - help, Shift-Dir - straight line, f/p - crimson imp
Aim: a crimson imp (lightly wounded)
The blast of sand hits the crimson imp.
The crimson imp is moderately wounded.
You now have no stones remaining.
You can now pass through a line of other dancers.
Are you sure you want to abandon this character and quit the game? (Confirm with "yes".)

###### .....# ####.#
########### #...#
########### #.###
##......... #.#
##.######## ##.#
##......... .).#
###########
################@ยง.#
#...........5.#.#
####.......####### #
Y..#.......#
##.#.......#
...........#
.#.........#
.####.###### .# #.#


You could see a crimson imp.

Vanquished Creatures
  A centaur (D:7)
  A water moccasin skeleton (D:4)
  A centaur zombie (D:5)
  A centaur skeleton (D:5)
  Crazy Yiuf (D:3)
  A bullfrog skeleton (D:5)
  Natasha (twice) (D:2)
  Robin (D:4)
  A howler monkey zombie (D:6)
  4 adders
  An adder skeleton (D:6)
  A worm (D:2)
  A dart slug (D:1)
  2 orcs
  6 bats
  4 giant cockroaches
  15 goblins
  4 hobgoblins
  3 jackals (D:3)
  2 quokkas
  A ball python (D:3)
  6 frilled lizards
  6 kobolds
  5 rats
  2 fungi (D:3)
73 creatures vanquished.

Notes
Turn   | Place    | Note
-------+----------+-------------------------------------------
     0 | D:1      | tidbits the Felid Earth Elementalist began the quest for the Orb.
     0 | D:1      | Reached XP level 1. HP: 7/7 MP: 4/4
     8 | D:2      | Reached skill level 3 in Stealth
     8 | D:2      | Reached skill level 1 in Unarmed Combat
     8 | D:2      | Reached XP level 2. HP: 6/11 MP: 1/6
    12 | D:2      | Learned a level 2 spell: Passwall
   374 | D:1      | Reached skill level 4 in Stealth
   422 | D:2      | Reached XP level 3. HP: 12/14 MP: 4/7
   508 | D:3      | Noticed Natasha
   526 | D:2      | HP: 1/14 [Natasha (5)]
   527 | D:2      | Killed Natasha
   527 | D:2      | Reached skill level 2 in Unarmed Combat
   618 | D:2      | Reached XP level 4. HP: 4/18 MP: 3/8
   720 | D:2      | Noticed Natasha
   730 | D:2      | Killed Natasha
   730 | D:2      | Reached skill level 5 in Stealth
   795 | D:2      | Reached skill level 3 in Unarmed Combat
   879 | D:2      | Noticed Natasha
   947 | D:3      | Found a runed door.
   951 | D:3      | Noticed Crazy Yiuf
   956 | D:3      | Killed Crazy Yiuf
   956 | D:3      | Reached XP level 5. HP: 20/21 MP: 7/9
  1020 | D:3      | Noticed Sigmund
  1171 | D:4      | Noticed Robin
  1176 | D:4      | Found a hide-covered altar of Uskayaw.
  1181 | D:4      | Became a worshipper of Uskayaw the Reveler
  1206 | D:4      | Reached * piety under Uskayaw
  1212 | D:4      | Killed Robin
  1212 | D:4      | Reached skill level 6 in Stealth
  1341 | D:4      | HP: 2/21 [water moccasin skeleton (3)]
  1365 | D:5      | Entered Level 5 of the Dungeon
  1371 | D:5      | Found Kaihyo's Food Shop.
  1398 | D:5      | Found a blossoming altar of Fedhas.
  1399 | D:5      | Noticed a centaur
  1410 | D:5      | HP: 2/21 [centaur skeleton (1)]
  1411 | D:5      | Reached skill level 4 in Unarmed Combat
  1411 | D:5      | Gained mutation: You are covered in thick fur. (AC +2) [Felid growth]
  1411 | D:5      | Reached XP level 6. HP: 2/24 MP: 1/10
  1411 | D:5      | Reached ** piety under Uskayaw
  1412 | D:5      | Noticed an ice beast
  1412 | D:5      | Found a stormy altar of Qazlal.
  1426 | D:5      | Found Zepsux's Assorted Antiques.
  1442 | D:5      | Bought a scroll labeled FUFRERI EGACU for 26 gold pieces
  1442 | D:5      | Bought a scroll labeled TASIOC RASIANG for 26 gold pieces
  1499 | D:6      | Noticed a slave
  1499 | D:6      | Noticed a slave
  1499 | D:6      | Noticed a slave
  1507 | D:6      | Found a stormy altar of Qazlal.
  1525 | D:6      | Noticed Pikel
  1564 | D:5      | Found a transporter.
  1571 | D:5      | Noticed a yak
  1574 | D:5      | Found a transporter.
  1576 | D:5      | Noticed a purple ugly thing
  1576 | D:5      | Found a glowing silver altar of Zin.
  1592 | D:5      | Reached skill level 7 in Stealth
  1653 | D:7      | Noticed a sky beast
  1664 | D:6      | Reached *** piety under Uskayaw
  1681 | D:6      | Noticed a slave
  1752 | D:6      | Noticed an ice beast
  1812 | D:6      | Quit the game

Skill      XL: |  1  2  3  4  5  6 |
---------------+-------------------+-----
Stealth        | 3 4 5 6 7 |  7.5
Unarmed Combat | 1 2 3 4 |  4.6
Dodging        | |  2.6
Spellcasting   | |  2.0
Transmutations | |  1.1
Earth Magic    | |  2.6

Action                   |  1- 3 |  4- 6 || total
-------------------------+-------+-------++-------
Melee: Unarmed           |    14 |    77 ||    91
       Bite              |     2 |     3 ||     5
 Cast: Sandblast         |    40 |    97 ||   137
       Passwall          |     1 |     2 ||     3
Evoke: Wand              |       |    10 ||    10
  Use: Potion            |     3 |     1 ||     4
       Scroll            |       |    10 ||    10
 Stab: Sleeping          |     6 |     9 ||    15
  Eat: Chunk             |     7 |     2 ||     9
Armor: Skin              |     7 |     7 ||    14
Dodge: Dodged            |    47 |    81 ||   128

Table legend:
 A = Turns spent in this place as a percentage of turns spent in the entire game.
 B = Non-inter-level travel turns spent in this place as a percentage of non-inter-level travel turns spent in the entire game.
 C = Inter-level travel turns spent in this place as a percentage of turns spent in this place.
 D = Turns resting spent in this place as a percentage of non-inter-level travel turns spent in this place.
 E = Turns spent auto-exploring this place as a percentage of non-inter-level travel turns spent in this place.
 F = Non-inter-level travel turns spent in this place divided by the number of levels of this place that you've seen.
                   A       B       C       D       E      F
               +-------+-------+-------+-------+-------+----------------------
         Total | 100.0 | 100.0 |   3.0 |   0.0 |   0.0 | 251.0
       Dungeon | 100.0 | 100.0 |   3.0 |   0.0 |   0.0 | 251.0
               +-------+-------+-------+-------+-------+----------------------

Table legend:
 A = Kills in this place as a percentage of kills in entire the game.
 B = Kills by you in this place as a percentage of kills by you in the entire game.
 C = Kills by friends in this place as a percentage of kills by friends in the entire game.
 D = Other kills in this place as a percentage of other kills in the entire game.
 E = Experience gained in this place as a percentage of experience gained in the entire game.
 F = Experience gained in this place divided by the number of levels of this place that you have seen.
                   A       B       C       D       E      F
               +-------+-------+-------+-------+-------+----------------------
         Total | 100.0 | 100.0 |   N/A |   N/A | 100.0 |  86.1
       Dungeon | 100.0 | 100.0 |   N/A |   N/A | 100.0 |  86.1
               +-------+-------+-------+-------+-------+----------------------

Vault maps used:
D:1:      nzn_arrival_water_spiral
D:2:      first_ration, minmay_misc_feat_ornament,
          nicolae_ru_the_path_less_chosen
D:3:      uniq_crazy_yiuf_cottage, uniq_sigmund, uniq_natasha
D:4:      kennysheep_little_box, uniq_robin
D:5:      gammafunk_temple_overflow_arena, fedhas_bush_and_centaur_altar,
          serial_shops, nicolae_shop_trees, shop, shop,
          nicolae_qazlal_general_emergency
D:6:      lemuel_ice_spiral_2, chequers_temple_overflow_minitemple,
          overflow_temple_1_default, marbit_many_paths, uniq_pikel
D:7:      kennysheep_mini_moat, lemuel_doored_altar, minmay_temple_entry_glass
